 Dungeon Crawl Stone Soup version 0.28-a0-511-gcc94558de3 (webtiles) character file.

Game seed: 8368353712338323867

429 omnomnOMINOUS the Skirmisher (level 6, -3/45 HPs)
             Began as an Octopode Wanderer on Sept 21, 2021.
             Was a Believer of Makhleb.
             Slain by a water moccasin (5 damage)
             ... in a sewer.
             The game lasted 00:06:37 (4139 turns).

omnomnOMINOUS the Skirmisher (Octopode Wanderer)    Turns: 4139, Time: 00:06:39

Health: -3/45      AC:  1    Str:  9    XL:     6   Next: 98%
Magic:  6/6        EV: 14    Int: 20    God:    Makhleb [**....]
Gold:   186        SH:  0    Dex: 10    Spells: 5/5 levels left

rFire   . . .      SeeInvis .   a - +0 falchion
rCold   . . .      Faith    .   (no shield)
rNeg    . . .      Spirit   .   (helmet restricted)
rPois   .          Reflect  .   (no amulet)
rElec   .          Harm     .   (no ring)
rCorr   .          Rampage  .   (no ring)
Will    .....                   (no ring)
Stlth   +++.......              (no ring)
HPRegen 0.15/turn               (no ring)
MPRegen 0.10/turn               (no ring)
                                (no ring)
                                (no ring)

@: no status effects
A: almost no armour, amphibious, 8 rings, camouflage 1, gelatinous body 1,
(nimble swimmer 1), tentacles
a: Renounce Religion, Minor Destruction


You were in a sewer.
You worshipped Makhleb.
Makhleb was pleased with you.
You visited 1 branch of the dungeon, and saw 3 of its levels.
You also visited: Sewer.

You collected 186 gold pieces.

Inventory:

Hand Weapons
 a - a +0 falchion (weapon)
 b - a +2 shortbow
 c - a +0 spear
Missiles
 d - 43 arrows
Scrolls
 f - a scroll of enchant armour
 k - a scroll of enchant weapon
 l - a scroll of fog {unknown}
 m - a scroll of fear {unknown}
 o - a scroll of amnesia
Potions
 e - a potion of attraction {unknown}
 g - a potion of flight
 n - a potion of mutation {unknown}


   Skills:
 + Level 5.2 Fighting
 - Level 3.0 Long Blades
 - Level 3.0 Bows
 + Level 4.7 Dodging
 - Level 2.6 Stealth


You had 5 spell levels left.
You didn't know any spells.
Your spell library contained the following spells:

 Spells                   Type           Power      Damage    Failure   Level
 Animate Skeleton         Necr           0%         N/A       19%         1
 Pain                     Necr           0%         1d4       19%         1
 Vampiric Draining        Necr           0%         2d6       50%         3


Dungeon Overview and Level Annotations

Branches:
Dungeon (3/15)              Sewer (1/1)

Altars:
Makhleb

Shops:
D:2 =


Innate Abilities, Weirdness & Mutations

You cannot wear most types of armour.
You are amphibious.
You can wear up to eight rings at the same time.
Your skin changes colour to match your surroundings (Stealth+).
Your rubbery body absorbs attacks. (AC +1, EV +1)
((You are camouflaged near water. (Stealth+)))
You have tentacles for arms and can constrict up to eight enemies at once.


Message History

The water moccasin is almost dead.
The water moccasin bites you but does no damage. x2
You closely miss the water moccasin.
The water moccasin is almost dead.
Your transformation is almost over.
The water moccasin bites you but does no damage.
The water moccasin bites you.
* * * LOW HITPOINT WARNING * * *
You closely miss the water moccasin.
The water moccasin is almost dead.
The water moccasin bites you.
* * * LOW HITPOINT WARNING * * *
You closely miss the water moccasin.
The water moccasin is almost dead.
The water moccasin bites you but does no damage. x2
You barely miss the water moccasin.
The water moccasin is almost dead.
The water moccasin bites you but does no damage. x2
You miss the water moccasin.
The water moccasin is almost dead.
The water moccasin bites you but does no damage.
You hit the water moccasin but do no damage.
The water moccasin is almost dead.
The water moccasin bites you.
* * * LOW HITPOINT WARNING * * *
The water moccasin bites you.
* * * LOW HITPOINT WARNING * * *
You miss the water moccasin.
The water moccasin is almost dead.
The water moccasin bites you but does no damage.
You hit the water moccasin but do no damage.
The water moccasin is almost dead.
The water moccasin bites you but does no damage. x2
You hit the water moccasin.
The water moccasin is almost dead.
You feel less wooden. The water moccasin bites you.
* * * LOW HITPOINT WARNING * * *
The water moccasin bites you.
You die...

#.# #.# #.#
####### #.#
##.....## #.#
#...≈...## #.#
...≈†≈...#######.#
∩.≈≈≈≈≈..........#
...†≈≈...#######@#
#...≈...## #S#
##.....## #.#
####### #.# ...
... ... ..(..


You could see a water moccasin.

Vanquished Creatures
  Sigmund (D:2)
  A bullfrog (D:3)
  Natasha (twice) (D:2)
  5 adders
  4 gnolls
  4 worms
  5 endoplasms
  5 giant cockroaches
  7 goblins
  7 hobgoblins
  4 jackals (D:2)
  5 kobolds
  5 quokkas
  6 ball pythons
  10 bats
  A frilled lizard (D:1)
  7 rats
79 creatures vanquished.

Notes
Turn   | Place    | Note
-------+----------+-------------------------------------------
     0 | D:1      | omnomnOMINOUS the Octopode Wanderer began the quest for the
                  | Orb.
     0 | D:1      | omnomnOMINOUS set off with the following items: a +2
                  | shortbow, 27 arrows, a +0 spear, a +0 falchion, a +0 dagger
     0 | D:1      | Reached XP level 1. HP: 14/14 MP: 1/1
   579 | D:1      | Reached skill level 1 in Dodging
   579 | D:1      | Reached XP level 2. HP: 13/20 MP: 2/2
  1452 | D:2      | Reached XP level 3. HP: 19/25 MP: 3/3
  1680 | D:2      | Reached skill level 3 in Fighting
  1905 | D:2      | Found Diky's Jewellery Shop.
  2010 | D:2      | Reached XP level 4. HP: 26/31 MP: 4/4
  2059 | D:2      | Found a faded altar of an unknown god.
  2073 | D:2      | Became a worshipper of Makhleb the Destroyer
  2073 | D:2      | Reached * piety under Makhleb
  2148 | D:2      | Noticed Natasha
  2153 | D:2      | Killed Natasha
  2304 | D:2      | Noticed Sigmund
  2615 | D:1      | Reached XP level 5. HP: 34/37 MP: 5/5
  2653 | D:2      | Killed Sigmund
  2654 | D:2      | Reached skill level 4 in Fighting
  2654 | D:2      | Reached XP level 6. HP: 27/44 MP: 6/6
  2827 | D:2      | Noticed Natasha
  2837 | D:2      | Killed Natasha
  3690 | D:3      | Reached skill level 5 in Fighting
  4024 | D:3      | Found a glowing drain.
  4029 | D:3      | Reached ** piety under Makhleb
  4036 | Sewer    | Entered a sewer
  4107 | Sewer    | Noticed a water moccasin
  4139 | Sewer    | HP: 2/45 [water moccasin (6)]
  4139 | Sewer    | Slain by a water moccasin

Illustrated notes

Levels and vault maps discovered:
D:1:      giann_horns, layout_rooms
D:2:      layout_rooms, serial_shops, shop, shapermc_ecumenical_altar_pompeii,
          uniq_sigmund, uniq_natasha
D:3:      layout_loops_ring, gup_sewer_entry_bubbles
Sewer:    sewer_big_baddie

Skill      XL: |  1  2  3  4  5  6 |
---------------+-------------------+-----
Dodging        | 1 2 3 4 |  4.7
Fighting       | 3 4 5 |  5.2
Long Blades    | |  3.0
Bows           | |  3.0
Stealth        | |  2.6

Action                   |  1- 3 |  4- 6 || total
-------------------------+-------+-------++-------
Melee: Falchion          |    86 |   151 ||   237
       Spear             |     8 |       ||     8
       Constrict         |    20 |    31 ||    51
       Tentacles         |     9 |    17 ||    26
 Fire: Shortbow          |     2 |     4 ||     6
  Use: Potion            |       |     6 ||     6
       Scroll            |       |     3 ||     3
 Stab: Sleeping          |    10 |    10 ||    20
Armor: Skin              |    12 |    32 ||    44
Dodge: Dodged            |    52 |   121 ||   173

Table legend: (Time is in decaauts)
 A = Elapsed time spent in this place.
 B = Non-inter-level travel time spent in this place.
 C = Inter-level travel time spent in this place.
 D = Time resting spent in this place.
 E = Time spent auto-exploring this place.
 F = Levels seen in this place.
 G = Mean time per level.
                   A        B        C        D        E       F      G
               +--------+--------+--------+--------+--------+-----+--------+
         Total |   4175 |   4082 |     93 |    652 |   2618 |   4 | 1043.8 |
       Dungeon |   4067 |   3974 |     93 |    652 |   2566 |   3 | 1355.7 |
         Sewer |    107 |    107 |      0 |      0 |     52 |   1 |  107.0 |
               +--------+--------+--------+--------+--------+-----+--------+

Top non-repeatable levels by time:
     D:1: 1758 daAuts
     D:2: 1639 daAuts
     D:3: 670 daAuts
   Sewer: 107 daAuts
